Pick #1

Connor Bedard
Pick #2

Leo Carlsson
Pick #3

Adam Fantilli
Pick #4

Matvei Michkov
Pick #5

David Reinbacher
Pick #6

William Smith
Pick #7

Zachary Benson
Pick #8

Ryan Leonard
Pick #9

Gabriel Perreault
Pick #10

Axel Sandin-Pellika
Pick #11

Daniil But
Pick #12

Dalibor Dvorsky
Pick #13

Quentin Musty
Pick #14

Brayden Yager
Pick #15

Dmitry Simashev
Pick #16

Colby Barlow
Pick #17

Andrew Cristall
Pick #18

Easton Cowan
Pick #19

Jacob Fowler
Pick #20

Oliver Moore
Pick #21

Oliver Bonk
Pick #22

Tom Willander
Pick #23

Calum Ritchie
Pick #24

Tanner Molendyk
Pick #25

Gavin Brindley
Pick #26

Nate Danielson
Pick #27

Pick #28

Pick #29

Pick #30

Pick #31

Pick #32

Pick #33

Pick #34

Pick #35

Pick #36

Pick #37

Pick #38

Pick #39

Pick #40

Pick #41

Pick #42

Pick #43

Pick #44

Pick #45

Pick #46

Pick #47

Pick #48

Pick #49

Pick #50

Pick #51

Pick #52

Pick #53

Pick #54

Pick #55

Pick #56

Pick #57

Pick #58

Pick #59

Pick #60

Pick #61

Pick #62

Pick #63

Pick #64

Pick #65

Pick #66

Pick #67

Pick #68

Pick #69

Pick #70

Pick #71

Pick #72

Pick #73

Pick #74

Pick #75

Pick #76

Pick #77

Pick #78

Pick #79

Pick #80

Pick #81

Pick #82

Pick #83

Pick #84

Pick #85

Pick #86

Pick #87

Pick #88

Pick #89

Pick #90

Pick #91

Pick #92

Pick #93

Pick #94

Pick #95

Pick #96

Pick #97

Pick #98

Pick #99

Pick #100

Pick #101

Pick #102

Pick #103

Pick #104

Pick #105

Pick #106

Pick #107

Pick #108

Pick #109

Pick #110

Pick #111

Pick #112

Pick #113

Pick #114

Pick #115

Pick #116

Pick #117

Pick #118

Pick #119

Pick #120

Pick #121

Pick #122

Pick #123

Pick #124

Pick #125

Pick #126

Pick #127

Pick #128

Pick #129

Pick #130

Full Scoreboard »»

Jets vs Oilers

Created - December 17, 2023 at 23:12

Goals
1 2 3 T
Jets 0 0 0 0
Oilers 1 1 3 5
Shots
1 2 3 T
Jets 9 5 8 22
Oilers 13 12 8 33

GoalsPenalties
1st period
1. Oilers , Jamie Drysdale 2 (Jakub Voracek 2, Ondrej Palat 7) at 9:21 (PP)
Dmitry Orlov (WPG) for Goalie Interference (Minor) at 8:30
Adam Lowry (EDM) for Tripping (Minor) at 16:43
2nd period
2. Oilers , Alexander Barabanov 8 (Dylan Strome 9, Josh Bailey 6) at 15:08
Colin Miller (WPG) for Hooking (Minor) at 9:11
Adam Lowry (EDM) for Interference (Minor) at 16:44
Jack Campbell (EDM) for Slashing (Minor) at 17:10 - Brandon Hagel served the penalty.
3rd period
3. Oilers , Brock Boeser 11 (Brandon Hagel 11, Ryan Pulock 19) at 3:56 (PP)
4. Oilers , Brock Boeser 12 (Brandon Hagel 12, Sam Bennett 16) at 10:18
5. Oilers , Ryan Pulock 4 (Jakub Voracek 3, Vladislav Gavrikov 9) at 16:07 (PP)
Mark Jankowski (WPG) for Holding (Minor) at 2:04
Vladislav Gavrikov (EDM) for Hooking (Minor) at 4:43
Connor Murphy (WPG) for Hooking (Minor) at 14:49
Goalie Stats
Dan Vladar (WPG), 28 saves from 33 shots - (0.848), L, 7-5-0, 60:00 minutes
Jack Campbell (EDM), 22 saves from 22 shots - (1.000), W, 7-9-1, 60:00 minutes
3 StarsOfficial
1 - Brock Boeser (EDM)
2 - Jack Campbell (EDM)
3 - Ryan Pulock (EDM)
Referees : Eric Furlatt and Ben O'Quinn
Linesman : Kyle Flemington and Kyle Allen
Game Note
No Game Note
Finance
Level 1 -- Attendance: 6421 (98.78%) -- Ticket Income $783,362
Level 2 -- Attendance: 4196 (83.92%) -- Ticket Income $394,424
Level 3 -- Attendance: 2586 (73.89%) -- Ticket Income $193,950
Level 4 -- Attendance: 839 (100.00%) -- Ticket Income $61,247
Luxury Box -- Attendance: 924 (92.40%) -- Ticket Income $214,368
Game was played at the Rexall Place.
Total Attendance: 14966 (88.88%)
Total Ticket Income: $1,647,351
Other Income: $411,838
Total Income: $2,059,189



Team Name Goals Shots Shots Attemp Shots Blocked PIM HIT PP PK FO%
Jets 02242168180 / 4 (0%)347%
Oilers 5337948153 / 4 (75%)053%

Jets
Player Name POS G A P +/- PIM HIT SHT SB MP PP MP PP SHT PK MP PK SHT FO% FOT
Andre BurakovskyLW0000000019:023:4300:200100% 1
Andreas AthanasiouC000-1011020:142:3513:07040% 30
Colin MillerD000-1231013:400:0000:1800% 0
Connor MurphyD000-1260419:210:3402:1700% 0
Darren HelmC000000018:520:0000:46050% 10
Dmitry OrlovD0000221224:063:1103:1300% 0
Garnet HathawayRW0000002110:130:5311:1400% 1
Gustav NyquistC000-1002119:002:5501:3300% 2
Hampus LindholmD0000021424:593:1214:0400% 0
Mark JankowskiC000-1201010:520:0000:53057% 14
Nate SchmidtD000-1002116:343:1110:0000% 0
Nick SchmaltzC0000002022:493:4314:07054% 24
Oliver BjorkstrandRW000-1014017:072:3520:0000% 1
Oskar SundqvistC000-1011010:000:0000:0000% 0
Reilly SmithRW0000001015:040:0500:0000% 1
Thomas NovakC000000008:060:0000:000100% 1
Torey KrugD000-1000221:172:3802:0800% 0
Victor OlofssonLW000-1023012:402:4010:0000% 1
Oilers
Player Name POS G A P +/- PIM HIT SHT SB MP PP MP PP SHT PK MP PK SHT FO% FOT
Adam LowryC0001432015:530:0000:00050% 2
Alexander BarabanovLW1011015013:510:0000:230100% 1
Brandon HagelLW0221004024:162:5502:46067% 6
Brock BoeserRW2021015020:422:5511:15057% 7
Cole PerfettiC000000000:120:0000:0000% 0
Dylan StromeC0111013014:500:0001:22053% 19
Jakob SilfverbergRW000000002:030:0000:0000% 1
Jakub VoracekRW0220002018:393:0500:0000% 0
Jamie DrysdaleD1010002120:293:3423:0500% 0
Josh BaileyRW0111002013:280:0000:0000% 0
Ondrej PalatLW0110020018:393:0500:0000% 1
Paul StastnyC000000001:000:0001:0000% 0
Robin SaloD0000000020:363:3403:1200% 0
Ryan JohansenC0000022019:543:0501:15050% 24
Ryan PulockD1121032126:102:2624:0100% 0
Sam BennettC0111004022:392:5503:12056% 25
Troy StecherD0001000014:040:0000:0000% 0
Vladislav GavrikovD0111220224:362:2602:2800% 0



Play-by-Play

1st period


0:01 of 1st period - Sam Bennett wins face-off versus Nick Schmaltz in neutral zone.
0:03 of 1st period - Ryan Pulock is hit by Hampus Lindholm and loses puck.
0:23 of 1st period - Brock Boeser is hit by Dmitry Orlov and loses puck.
0:26 of 1st period - Shot by Brandon Hagel.
0:26 of 1st period - Shot Misses the Net.
0:28 of 1st period - Shot by Vladislav Gavrikov.
0:28 of 1st period - Shot Blocked by Dmitry Orlov.
0:30 of 1st period - Shot by Brandon Hagel.
0:30 of 1st period - Stopped by Dan Vladar with a rebound.
0:32 of 1st period - Shot by Brock Boeser.
0:32 of 1st period - Shot Misses the Net.
0:34 of 1st period - Shot by Brock Boeser.
0:34 of 1st period - Stopped by Dan Vladar with a rebound.
0:36 of 1st period - Shot by Sam Bennett.
0:36 of 1st period - Deflect By Brock Boeser.
0:36 of 1st period - Stopped by Dan Vladar without a rebound.
0:37 of 1st period - Andreas Athanasiou wins face-off versus Ryan Johansen in Jets zone.
0:42 of 1st period - Shot by Oliver Bjorkstrand.
0:42 of 1st period - Stopped by Jack Campbell with a rebound.
0:44 of 1st period - Shot by Oliver Bjorkstrand.
0:44 of 1st period - Stopped by Jack Campbell without a rebound.
0:45 of 1st period - Mark Jankowski wins face-off versus Dylan Strome in Oilers zone.
1:30 of 1st period - Shot by Josh Bailey.
1:30 of 1st period - Shot Blocked by Nate Schmidt.
1:52 of 1st period - Shot by Ryan Johansen.
1:52 of 1st period - Shot Misses the Net.
1:55 of 1st period - Icing by Torey Krug.
1:56 of 1st period - Andreas Athanasiou wins face-off versus Sam Bennett in Jets zone.
2:07 of 1st period - Shot by Gustav Nyquist.
2:07 of 1st period - Shot Misses the Net.
2:26 of 1st period - Icing by Brandon Hagel.
2:27 of 1st period - Thomas Novak wins face-off versus Sam Bennett in Oilers zone.
2:29 of 1st period - Garnet Hathaway is hit by Vladislav Gavrikov and loses puck.
2:33 of 1st period - Icing by Vladislav Gavrikov.
2:34 of 1st period - Sam Bennett wins face-off versus Darren Helm in Oilers zone.
2:44 of 1st period - Shot by Sam Bennett.
2:44 of 1st period - Stopped by Dan Vladar without a rebound.
2:45 of 1st period - Nick Schmaltz wins face-off versus Ryan Johansen in Jets zone.
2:47 of 1st period - Icing by Hampus Lindholm.
2:48 of 1st period - Nick Schmaltz wins face-off versus Ryan Johansen in Jets zone.
2:48 of 1st period - Reilly Smith is hit by Ondrej Palat and loses puck.
3:23 of 1st period - Shot by Ryan Johansen.
3:23 of 1st period - Stopped by Dan Vladar without a rebound.
3:24 of 1st period - Darren Helm wins face-off versus Jakob Silfverberg in Jets zone.
3:47 of 1st period - Shot by Brandon Hagel.
3:47 of 1st period - Shot Blocked by Torey Krug.
4:07 of 1st period - Shot by Adam Lowry.
4:07 of 1st period - Stopped by Dan Vladar without a rebound.
4:08 of 1st period - Andreas Athanasiou wins face-off versus Ryan Johansen in Jets zone.
6:04 of 1st period - Shot by Sam Bennett.
6:04 of 1st period - Stopped by Dan Vladar with a rebound.
6:06 of 1st period - Shot by Sam Bennett.
6:06 of 1st period - Stopped by Dan Vladar without a rebound.
6:07 of 1st period - Dylan Strome wins face-off versus Mark Jankowski in Jets zone.
6:15 of 1st period - Dylan Strome is hit by Connor Murphy and loses puck.
6:18 of 1st period - Shot by Dylan Strome.
6:18 of 1st period - Stopped by Dan Vladar without a rebound.
6:19 of 1st period - Dylan Strome wins face-off versus Gustav Nyquist in Jets zone.
7:23 of 1st period - Icing by Connor Murphy.
7:24 of 1st period - Mark Jankowski wins face-off versus Sam Bennett in Jets zone.
8:08 of 1st period - Icing by Brock Boeser.
8:09 of 1st period - Nick Schmaltz wins face-off versus Sam Bennett in Oilers zone.
8:09 of 1st period - Nick Schmaltz is hit by Vladislav Gavrikov.
8:29 of 1st period - Shot by Jakub Voracek.
8:29 of 1st period - Shot Misses the Net.
8:30 of 1st period - Minor Penalty to Dmitry Orlov for Goalie Interference.
8:31 of 1st period - Ryan Johansen wins face-off versus Andreas Athanasiou in Jets zone.
8:44 of 1st period - Shot by Jamie Drysdale.
8:44 of 1st period - Stopped by Dan Vladar without a rebound.
8:45 of 1st period - Ryan Johansen wins face-off versus Andreas Athanasiou in Jets zone.
9:21 of 1st period - Shot by Jamie Drysdale.
9:21 of 1st period - Goal by Jamie Drysdale - Jets : 0 - Oilers : 1.
9:22 of 1st period - Sam Bennett wins face-off versus Darren Helm in neutral zone.
9:35 of 1st period - Shot by Brock Boeser.
9:35 of 1st period - Deflect By Sam Bennett.
9:35 of 1st period - Shot Misses the Net.
10:16 of 1st period - Darren Helm is hit by Dylan Strome and loses puck.
10:27 of 1st period - Shot by Josh Bailey.
10:27 of 1st period - Stopped by Dan Vladar without a rebound.
10:28 of 1st period - Nick Schmaltz wins face-off versus Ryan Johansen in Jets zone.
10:35 of 1st period - Shot by Jakub Voracek.
10:35 of 1st period - Shot Blocked by Hampus Lindholm.
11:31 of 1st period - Off-side.
11:32 of 1st period - Mark Jankowski wins face-off versus Sam Bennett in neutral zone.
11:35 of 1st period - Shot by Victor Olofsson.
11:35 of 1st period - Stopped by Jack Campbell without a rebound.
11:36 of 1st period - Brock Boeser wins face-off versus Andreas Athanasiou in Oilers zone.
12:05 of 1st period - Shot by Sam Bennett.
12:05 of 1st period - Deflect By Brock Boeser.
12:05 of 1st period - Shot Blocked by Torey Krug.
13:05 of 1st period - Shot by Victor Olofsson.
13:05 of 1st period - Shot Misses the Net.
13:31 of 1st period - Shot by Reilly Smith.
13:31 of 1st period - Shot Misses the Net.
13:40 of 1st period - Andre Burakovsky is hit by Ryan Pulock and loses puck.
14:46 of 1st period - Shot by Ryan Johansen.
14:46 of 1st period - Shot Blocked by Connor Murphy.
14:48 of 1st period - Shot by Ondrej Palat.
14:48 of 1st period - Shot Misses the Net.
15:16 of 1st period - Icing by Dmitry Orlov.
15:17 of 1st period - Andreas Athanasiou wins face-off versus Dylan Strome in Jets zone.
15:32 of 1st period - Shot by Gustav Nyquist.
15:32 of 1st period - Stopped by Jack Campbell without a rebound.
15:33 of 1st period - Nick Schmaltz wins face-off versus Ryan Johansen in Oilers zone.
15:45 of 1st period - Icing by Jamie Drysdale.
15:46 of 1st period - Ryan Johansen wins face-off versus Andreas Athanasiou in Oilers zone.
15:59 of 1st period - Shot by Andreas Athanasiou.
15:59 of 1st period - Deflect By Oliver Bjorkstrand.
15:59 of 1st period - Shot Misses the Net.
16:43 of 1st period - Minor Penalty to Adam Lowry for Tripping.
16:44 of 1st period - Nick Schmaltz wins face-off versus Brandon Hagel in Oilers zone.
17:17 of 1st period - Icing by Torey Krug.
17:18 of 1st period - Brandon Hagel wins face-off versus Nick Schmaltz in Jets zone.
18:01 of 1st period - Shot by Dmitry Orlov.
18:01 of 1st period - Deflect By Andreas Athanasiou.
18:01 of 1st period - Stopped by Jack Campbell with a rebound.
18:03 of 1st period - Shot by Oliver Bjorkstrand.
18:03 of 1st period - Stopped by Jack Campbell without a rebound.
18:04 of 1st period - Nick Schmaltz wins face-off versus Brock Boeser in Oilers zone.
18:19 of 1st period - Shot by Garnet Hathaway.
18:19 of 1st period - Deflect By Nick Schmaltz.
18:19 of 1st period - Shot Misses the Net.
18:21 of 1st period - Shot by Nate Schmidt.
18:21 of 1st period - Shot Blocked by Jamie Drysdale.
18:23 of 1st period - Shot by Garnet Hathaway.
18:23 of 1st period - Stopped by Jack Campbell with a rebound.
18:25 of 1st period - Shot by Nate Schmidt.
18:25 of 1st period - Stopped by Jack Campbell without a rebound.
18:26 of 1st period - Brandon Hagel wins face-off versus Andreas Athanasiou in Oilers zone.
18:51 of 1st period - Connor Murphy is hit by Alexander Barabanov and loses puck.
18:58 of 1st period - Shot by Josh Bailey.
18:58 of 1st period - Stopped by Dan Vladar without a rebound.
18:59 of 1st period - Ryan Johansen wins face-off versus Nick Schmaltz in Jets zone.
19:14 of 1st period - Shot by Reilly Smith.
19:14 of 1st period - Deflect By Nick Schmaltz.
19:14 of 1st period - Shot Misses the Net.
19:39 of 1st period - Icing by Troy Stecher.
19:40 of 1st period - Mark Jankowski wins face-off versus Ryan Johansen in Oilers zone.
19:41 of 1st period - Shot by Dmitry Orlov.
19:41 of 1st period - Stopped by Jack Campbell without a rebound.
19:42 of 1st period - Mark Jankowski wins face-off versus Sam Bennett in Oilers zone.
Goals for this period are 0 for Jets vs 1 for Oilers.
Shots for this period are 9 for Jets vs 13 for Oilers.

2nd period


0:01 of 2nd period - Nick Schmaltz wins face-off versus Adam Lowry in neutral zone.
0:10 of 2nd period - Shot by Nick Schmaltz.
0:10 of 2nd period - Stopped by Jack Campbell without a rebound.
0:11 of 2nd period - Dylan Strome wins face-off versus Andreas Athanasiou in Oilers zone.
1:26 of 2nd period - Shot by Brock Boeser.
1:26 of 2nd period - Shot Misses the Net.
1:28 of 2nd period - Shot by Vladislav Gavrikov.
1:28 of 2nd period - Shot Misses the Net.
1:30 of 2nd period - Shot by Brandon Hagel.
1:30 of 2nd period - Shot Misses the Net.
1:34 of 2nd period - Shot by Brandon Hagel.
1:34 of 2nd period - Stopped by Dan Vladar without a rebound.
1:35 of 2nd period - Ryan Johansen wins face-off versus Reilly Smith in Jets zone.
1:42 of 2nd period - Shot by Ryan Johansen.
1:42 of 2nd period - Stopped by Dan Vladar without a rebound.
1:43 of 2nd period - Ryan Johansen wins face-off versus Nick Schmaltz in Jets zone.
2:05 of 2nd period - Shot by Nick Schmaltz.
2:05 of 2nd period - Shot Misses the Net.
2:41 of 2nd period - Shot by Sam Bennett.
2:41 of 2nd period - Deflect By Brock Boeser.
2:41 of 2nd period - Shot Misses the Net.
2:45 of 2nd period - Shot by Sam Bennett.
2:45 of 2nd period - Stopped by Dan Vladar without a rebound.
2:46 of 2nd period - Mark Jankowski wins face-off versus Dylan Strome in Jets zone.
2:51 of 2nd period - Alexander Barabanov is hit by Victor Olofsson and loses puck.
3:17 of 2nd period - Icing by Vladislav Gavrikov.
3:18 of 2nd period - Dylan Strome wins face-off versus Darren Helm in Oilers zone.
3:20 of 2nd period - Icing by Josh Bailey.
3:21 of 2nd period - Alexander Barabanov wins face-off versus Andreas Athanasiou in Oilers zone.
3:39 of 2nd period - Shot by Alexander Barabanov.
3:39 of 2nd period - Stopped by Dan Vladar with a rebound.
3:41 of 2nd period - Shot by Josh Bailey.
3:41 of 2nd period - Shot Misses the Net.
3:43 of 2nd period - Shot by Alexander Barabanov.
3:43 of 2nd period - Stopped by Dan Vladar without a rebound.
3:44 of 2nd period - Sam Bennett wins face-off versus Nick Schmaltz in Jets zone.
3:44 of 2nd period - Sam Bennett is hit by Hampus Lindholm.
3:46 of 2nd period - Shot by Brandon Hagel.
3:46 of 2nd period - Stopped by Dan Vladar with a rebound.
5:07 of 2nd period - Shot by Oskar Sundqvist.
5:07 of 2nd period - Stopped by Jack Campbell without a rebound.
5:08 of 2nd period - Darren Helm wins face-off versus Dylan Strome in Oilers zone.
5:22 of 2nd period - Dylan Strome is hit by Colin Miller and loses puck.
5:27 of 2nd period - Shot by Dylan Strome.
5:27 of 2nd period - Shot Misses the Net.
5:29 of 2nd period - Shot by Adam Lowry.
5:29 of 2nd period - Shot Misses the Net.
5:31 of 2nd period - Shot by Troy Stecher.
5:31 of 2nd period - Shot Misses the Net.
5:40 of 2nd period - Shot by Josh Bailey.
5:40 of 2nd period - Shot Blocked by Darren Helm.
6:07 of 2nd period - Icing by Nate Schmidt.
6:08 of 2nd period - Darren Helm wins face-off versus Sam Bennett in Jets zone.
7:06 of 2nd period - Victor Olofsson is hit by Ryan Pulock and loses puck.
8:12 of 2nd period - Icing by Adam Lowry.
8:13 of 2nd period - Andreas Athanasiou wins face-off versus Dylan Strome in Oilers zone.
8:23 of 2nd period - Icing by Adam Lowry.
8:24 of 2nd period - Dylan Strome wins face-off versus Nick Schmaltz in Oilers zone.
8:39 of 2nd period - Shot by Josh Bailey.
8:39 of 2nd period - Shot Misses the Net.
8:41 of 2nd period - Shot by Dylan Strome.
8:41 of 2nd period - Shot Misses the Net.
8:46 of 2nd period - Alexander Barabanov is hit by Connor Murphy.
8:50 of 2nd period - Shot by Josh Bailey.
8:50 of 2nd period - Shot Blocked by Connor Murphy.
8:52 of 2nd period - Shot by Adam Lowry.
8:52 of 2nd period - Shot Misses the Net.
8:54 of 2nd period - Shot by Adam Lowry.
8:54 of 2nd period - Stopped by Dan Vladar without a rebound.
8:55 of 2nd period - Sam Bennett wins face-off versus Andreas Athanasiou in Jets zone.
9:11 of 2nd period - Minor Penalty to Colin Miller for Hooking.
9:12 of 2nd period - Andreas Athanasiou wins face-off versus Ryan Johansen in Jets zone.
9:29 of 2nd period - Shot by Ryan Pulock.
9:29 of 2nd period - Stopped by Dan Vladar without a rebound.
9:30 of 2nd period - Sam Bennett wins face-off versus Andreas Athanasiou in Jets zone.
9:58 of 2nd period - Shot by Brandon Hagel.
9:58 of 2nd period - Shot Misses the Net.
10:00 of 2nd period - Shot by Jamie Drysdale.
10:00 of 2nd period - Shot Hit the Post.
10:47 of 2nd period - Off-side.
10:48 of 2nd period - Andreas Athanasiou wins face-off versus Ryan Johansen in neutral zone.
11:17 of 2nd period - Shot by Ryan Johansen.
11:17 of 2nd period - Shot Misses the Net.
11:27 of 2nd period - Shot by Adam Lowry.
11:27 of 2nd period - Shot Misses the Net.
11:49 of 2nd period - Shot by Alexander Barabanov.
11:49 of 2nd period - Stopped by Dan Vladar without a rebound.
11:50 of 2nd period - Ryan Johansen wins face-off versus Darren Helm in Jets zone.
11:50 of 2nd period - Ryan Johansen is hit by Connor Murphy.
12:14 of 2nd period - Shot by Garnet Hathaway.
12:14 of 2nd period - Shot Blocked by Ryan Pulock.
12:18 of 2nd period - Shot by Garnet Hathaway.
12:18 of 2nd period - Shot Misses the Net.
12:20 of 2nd period - Shot by Darren Helm.
12:20 of 2nd period - Deflect By Garnet Hathaway.
12:20 of 2nd period - Stopped by Jack Campbell without a rebound.
12:21 of 2nd period - Sam Bennett wins face-off versus Nick Schmaltz in Oilers zone.
12:30 of 2nd period - Off-side.
12:31 of 2nd period - Adam Lowry wins face-off versus Andreas Athanasiou in neutral zone.
13:46 of 2nd period - Shot by Andre Burakovsky.
13:46 of 2nd period - Shot Misses the Net.
13:48 of 2nd period - Shot by Reilly Smith.
13:48 of 2nd period - Shot Misses the Net.
13:50 of 2nd period - Shot by Andre Burakovsky.
13:50 of 2nd period - Shot Misses the Net.
14:59 of 2nd period - Alexander Barabanov is hit by Colin Miller and loses puck.
15:06 of 2nd period - Shot by Dylan Strome.
15:06 of 2nd period - Deflect By Alexander Barabanov.
15:06 of 2nd period - Shot Misses the Net.
15:08 of 2nd period - Shot by Alexander Barabanov.
15:08 of 2nd period - Goal by Alexander Barabanov - Jets : 0 - Oilers : 2.
15:09 of 2nd period - Sam Bennett wins face-off versus Darren Helm in neutral zone.
15:19 of 2nd period - Shot by Brandon Hagel.
15:19 of 2nd period - Shot Blocked by Garnet Hathaway.
15:21 of 2nd period - Shot by Brock Boeser.
15:21 of 2nd period - Stopped by Dan Vladar without a rebound.
15:22 of 2nd period - Brock Boeser wins face-off versus Andreas Athanasiou in Jets zone.
16:17 of 2nd period - Shot by Alexander Barabanov.
16:17 of 2nd period - Shot Misses the Net.
16:37 of 2nd period - Shot by Dylan Strome.
16:37 of 2nd period - Stopped by Dan Vladar without a rebound.
16:38 of 2nd period - Ryan Johansen wins face-off versus Nick Schmaltz in Jets zone.
16:44 of 2nd period - Minor Penalty to Adam Lowry for Interference.
16:45 of 2nd period - Nick Schmaltz wins face-off versus Brandon Hagel in Oilers zone.
17:10 of 2nd period - Shot by Andre Burakovsky.
17:10 of 2nd period - Deflect By Nick Schmaltz.
17:10 of 2nd period - Stopped by Jack Campbell without a rebound.
17:10 of 2nd period - Minor Penalty to Jack Campbell for Slashing.
17:11 of 2nd period - Dylan Strome wins face-off versus Gustav Nyquist in Oilers zone.
19:21 of 2nd period - Icing by Nate Schmidt.
19:22 of 2nd period - Darren Helm wins face-off versus Ryan Johansen in Jets zone.
19:51 of 2nd period - Shot by Garnet Hathaway.
19:51 of 2nd period - Deflect By Thomas Novak.
19:51 of 2nd period - Shot Misses the Net.
19:53 of 2nd period - Shot by Nate Schmidt.
19:53 of 2nd period - Stopped by Jack Campbell with a rebound.
19:59 of 2nd period - Shot by Ondrej Palat.
19:59 of 2nd period - Shot Misses the Net.
Goals for this period are 0 for Jets vs 1 for Oilers.
Shots for this period are 5 for Jets vs 12 for Oilers.

3rd period


0:01 of 3rd period - Nick Schmaltz wins face-off versus Sam Bennett in neutral zone.
0:14 of 3rd period - Shot by Sam Bennett.
0:14 of 3rd period - Shot Misses the Net.
0:16 of 3rd period - Shot by Sam Bennett.
0:16 of 3rd period - Shot Blocked by Hampus Lindholm.
0:18 of 3rd period - Shot by Brandon Hagel.
0:18 of 3rd period - Shot Blocked by Hampus Lindholm.
0:57 of 3rd period - Off-side.
0:58 of 3rd period - Andreas Athanasiou wins face-off versus Ryan Johansen in neutral zone.
1:05 of 3rd period - Shot by Connor Murphy.
1:05 of 3rd period - Shot Misses the Net.
1:10 of 3rd period - Off-side.
1:11 of 3rd period - Dylan Strome wins face-off versus Mark Jankowski in neutral zone.
1:50 of 3rd period - Victor Olofsson is hit by Adam Lowry and loses puck.
2:04 of 3rd period - Minor Penalty to Mark Jankowski for Holding.
2:05 of 3rd period - Sam Bennett wins face-off versus Andreas Athanasiou in Jets zone.
2:41 of 3rd period - Off-side.
2:42 of 3rd period - Ryan Johansen wins face-off versus Andreas Athanasiou in neutral zone.
3:52 of 3rd period - Shot by Ryan Pulock.
3:52 of 3rd period - Shot Blocked by Gustav Nyquist.
3:56 of 3rd period - Shot by Brock Boeser.
3:56 of 3rd period - Goal by Brock Boeser - Jets : 0 - Oilers : 3.
3:57 of 3rd period - Mark Jankowski wins face-off versus Dylan Strome in neutral zone.
4:22 of 3rd period - Shot by Victor Olofsson.
4:22 of 3rd period - Stopped by Jack Campbell without a rebound.
4:23 of 3rd period - Darren Helm wins face-off versus Sam Bennett in Oilers zone.
4:43 of 3rd period - Minor Penalty to Vladislav Gavrikov for Hooking.
4:44 of 3rd period - Brandon Hagel wins face-off versus Nick Schmaltz in Oilers zone.
5:28 of 3rd period - Andre Burakovsky is hit by Ryan Pulock and loses puck.
5:47 of 3rd period - Brandon Hagel is hit by Victor Olofsson.
5:57 of 3rd period - Shot by Oliver Bjorkstrand.
5:57 of 3rd period - Stopped by Jack Campbell without a rebound.
5:58 of 3rd period - Brock Boeser wins face-off versus Andreas Athanasiou in Oilers zone.
5:58 of 3rd period - Brock Boeser is hit by Oliver Bjorkstrand.
6:14 of 3rd period - Shot by Victor Olofsson.
6:14 of 3rd period - Stopped by Jack Campbell without a rebound.
6:15 of 3rd period - Brock Boeser wins face-off versus Nick Schmaltz in Oilers zone.
6:24 of 3rd period - Shot by Hampus Lindholm.
6:24 of 3rd period - Stopped by Jack Campbell without a rebound.
6:25 of 3rd period - Brandon Hagel wins face-off versus Andreas Athanasiou in Oilers zone.
6:34 of 3rd period - Robin Salo is hit by Andreas Athanasiou and loses puck.
7:19 of 3rd period - Shot by Jakub Voracek.
7:19 of 3rd period - Shot Blocked by Connor Murphy.
8:05 of 3rd period - Shot by Dylan Strome.
8:05 of 3rd period - Shot Blocked by Hampus Lindholm.
8:09 of 3rd period - Shot by Alexander Barabanov.
8:09 of 3rd period - Deflect By Dylan Strome.
8:09 of 3rd period - Stopped by Dan Vladar without a rebound.
8:10 of 3rd period - Sam Bennett wins face-off versus Oliver Bjorkstrand in Jets zone.
8:15 of 3rd period - Shot by Brandon Hagel.
8:15 of 3rd period - Stopped by Dan Vladar without a rebound.
8:16 of 3rd period - Andreas Athanasiou wins face-off versus Sam Bennett in Jets zone.
8:47 of 3rd period - Andreas Athanasiou is hit by Brock Boeser and loses puck.
8:55 of 3rd period - Off-side.
8:56 of 3rd period - Ryan Johansen wins face-off versus Nick Schmaltz in neutral zone.
9:01 of 3rd period - Shot by Ondrej Palat.
9:01 of 3rd period - Shot Misses the Net.
9:07 of 3rd period - Hampus Lindholm is hit by Ondrej Palat.
9:08 of 3rd period - Icing by Hampus Lindholm.
9:09 of 3rd period - Andre Burakovsky wins face-off versus Dylan Strome in Jets zone.
9:24 of 3rd period - Icing by Reilly Smith.
9:25 of 3rd period - Nick Schmaltz wins face-off versus Sam Bennett in Jets zone.
9:57 of 3rd period - Shot by Reilly Smith.
9:57 of 3rd period - Shot Blocked by Vladislav Gavrikov.
10:08 of 3rd period - Icing by Ryan Pulock.
10:09 of 3rd period - Sam Bennett wins face-off versus Andreas Athanasiou in Oilers zone.
10:18 of 3rd period - Shot by Brock Boeser.
10:18 of 3rd period - Goal by Brock Boeser - Jets : 0 - Oilers : 4.
10:19 of 3rd period - Mark Jankowski wins face-off versus Ondrej Palat in neutral zone.
10:19 of 3rd period - Mark Jankowski is hit by Ryan Johansen.
10:22 of 3rd period - Connor Murphy is hit by Ryan Johansen and loses puck.
10:29 of 3rd period - Shot by Connor Murphy.
10:29 of 3rd period - Shot Misses the Net.
10:31 of 3rd period - Shot by Torey Krug.
10:31 of 3rd period - Shot Misses the Net.
10:33 of 3rd period - Shot by Mark Jankowski.
10:33 of 3rd period - Stopped by Jack Campbell without a rebound.
10:34 of 3rd period - Dylan Strome wins face-off versus Andreas Athanasiou in Oilers zone.
10:49 of 3rd period - Shot by Gustav Nyquist.
10:49 of 3rd period - Stopped by Jack Campbell without a rebound.
10:50 of 3rd period - Nick Schmaltz wins face-off versus Ryan Johansen in Oilers zone.
11:18 of 3rd period - Shot by Jakub Voracek.
11:18 of 3rd period - Stopped by Dan Vladar without a rebound.
11:19 of 3rd period - Sam Bennett wins face-off versus Andreas Athanasiou in Jets zone.
11:19 of 3rd period - Sam Bennett is hit by Connor Murphy.
11:30 of 3rd period - Brandon Hagel is hit by Connor Murphy and loses puck.
12:46 of 3rd period - Shot by Jakub Voracek.
12:46 of 3rd period - Stopped by Dan Vladar with a rebound.
13:24 of 3rd period - Icing by Nate Schmidt.
13:25 of 3rd period - Dylan Strome wins face-off versus Mark Jankowski in Jets zone.
13:25 of 3rd period - Adam Lowry is hit by Colin Miller and loses puck.
13:42 of 3rd period - Shot by Alexander Barabanov.
13:42 of 3rd period - Stopped by Dan Vladar without a rebound.
13:43 of 3rd period - Andreas Athanasiou wins face-off versus Dylan Strome in Jets zone.
14:07 of 3rd period - Josh Bailey is hit by Connor Murphy and loses puck.
14:42 of 3rd period - Shot by Jakub Voracek.
14:42 of 3rd period - Shot Misses the Net.
14:44 of 3rd period - Shot by Vladislav Gavrikov.
14:44 of 3rd period - Shot Blocked by Connor Murphy.
14:46 of 3rd period - Shot by Ondrej Palat.
14:46 of 3rd period - Shot Misses the Net.
14:49 of 3rd period - Minor Penalty to Connor Murphy for Hooking.
14:50 of 3rd period - Sam Bennett wins face-off versus Garnet Hathaway in Jets zone.
15:23 of 3rd period - Shot by Jamie Drysdale.
15:23 of 3rd period - Shot Blocked by Dmitry Orlov.
15:29 of 3rd period - Shot by Brandon Hagel.
15:29 of 3rd period - Shot Misses the Net.
16:05 of 3rd period - Shot by Jakub Voracek.
16:05 of 3rd period - Shot Misses the Net.
16:07 of 3rd period - Shot by Ryan Pulock.
16:07 of 3rd period - Goal by Ryan Pulock - Jets : 0 - Oilers : 5.
16:08 of 3rd period - Dylan Strome wins face-off versus Mark Jankowski in neutral zone.
16:24 of 3rd period - Icing by Mark Jankowski.
16:25 of 3rd period - Ryan Johansen wins face-off versus Mark Jankowski in Jets zone.
16:43 of 3rd period - Off-side.
16:44 of 3rd period - Andreas Athanasiou wins face-off versus Brock Boeser in neutral zone.
17:31 of 3rd period - Icing by Robin Salo.
17:32 of 3rd period - Nick Schmaltz wins face-off versus Brock Boeser in Oilers zone.
17:33 of 3rd period - Shot by Andre Burakovsky.
17:33 of 3rd period - Shot Misses the Net.
18:20 of 3rd period - Icing by Vladislav Gavrikov.
18:21 of 3rd period - Ryan Johansen wins face-off versus Victor Olofsson in Oilers zone.
18:34 of 3rd period - Shot by Mark Jankowski.
18:34 of 3rd period - Shot Blocked by Vladislav Gavrikov.
18:36 of 3rd period - Shot by Colin Miller.
18:36 of 3rd period - Stopped by Jack Campbell without a rebound.
18:37 of 3rd period - Andreas Athanasiou wins face-off versus Dylan Strome in Oilers zone.
18:59 of 3rd period - Torey Krug is hit by Adam Lowry and loses puck.
19:17 of 3rd period - Oliver Bjorkstrand is hit by Adam Lowry and loses puck.
19:38 of 3rd period - Shot by Reilly Smith.
19:38 of 3rd period - Stopped by Jack Campbell without a rebound.
19:39 of 3rd period - Sam Bennett wins face-off versus Mark Jankowski in Oilers zone.
19:39 of 3rd period - Sam Bennett is hit by Oskar Sundqvist.
19:56 of 3rd period - Sam Bennett is hit by Dmitry Orlov and loses puck.
Goals for this period are 0 for Jets vs 3 for Oilers.
Shots for this period are 8 for Jets vs 8 for Oilers.